AoeStats
← Le Soldat Rouge

Arabia

510267528Analyzed
1v1 RM · 7h ago on Sep 30, 2026· 55m 51s· 2 players
Game mode
Random Map
Map size
Tiny (2 player)
Population
200
Speed
Normal
Resources
Standard
Victory
Conquest
Starting age
Dark Age
Ending age
Imperial Age
RankedLock teamsTeams togetherTeam positionsShared explorationLock speedFull tech treeHidden civsTurbo modeCheats
Victory
Defeat
🇫🇷 Ethiopians · France
1677
+9
🇩🇪 Burgundians · Germany
1525
-9
Le Soldat Rouge
6:27 Loom
9:03 Feudal Age
9:17 Man-at-Arms
9:43 Double-Bit Axe
14:41 Fletching
20:31 Castle Age
18:47 Horse Collar
19:40 Gold Mining
20:35 Crossbowman
21:10 Bodkin Arrow
24:57 Bow Saw
28:27 Scale Barding Armor
29:38 Wheelbarrow
29:38 Heavy Plow
31:08 Chain Barding Armor
30:49 Town Watch
31:51 Town Patrol
32:37 Forging
33:35 Hand Cart
33:56 Iron Casting
38:50 Imperial Age
36:53 Thumb Ring
37:54 Padded Archer Armor
39:17 Leather Archer Armor
40:47 Chemistry
39:48 Bracer
39:09 Arbalester
40:41 Ring Archer Armor
41:02 Siege Engineers
41:35 Masonry
41:56 Conscription
42:41 Ballistics
43:29 Torsion Engines
48:19 Blast Furnace
47:19 Scale Mail Armor
51:24 Halberdier
52:05 Scale Mail Armor
52:10 Squires
53:45 Chain Mail Armor
54:26 Architecture
53:52 Murder Holes
ballin' penguin
6:23 Loom
9:16 Feudal Age
8:15 Double-Bit Axe
10:23 Horse Collar
15:20 Wheelbarrow
16:14 Fletching
16:49 Padded Archer Armor
18:51 Bow Saw
18:50 Heavy Plow
19:57 Gold Mining
24:13 Castle Age
22:58 Gold Mining
24:15 Elite Skirmisher
24:51 Bodkin Arrow
25:19 Leather Archer Armor
28:24 Hand Cart
32:02 Town Watch
33:31 Two-Man Saw
33:28 Gold Shaft Mining
32:43 Stone Mining
34:14 Pikeman
35:38 Ballistics
35:33 Scale Mail Armor
35:43 Forging
38:13 Imperial Age
39:04 Bracer
42:31 Chemistry
47:14 Scale Barding Armor
47:45 Iron Casting
48:06 Cavalier
49:07 Chain Barding Armor
51:11 Plate Barding Armor
50:59 Paladin
54:03 Husbandry
Connection lost

Rejoining the realm…

Still unreachable

The connection could not be restored.

Session expired

The server has moved on; the page needs a fresh start.